Map: Prion Terraces

Players

Grumm

  • Race: Zerg Zerg
  • League: Gold

Kaizer - Winner!

  • Race: Zerg Zerg
  • League: Gold

VOD

Have the link to the VOD?

Description

Time

  • Played on: Jan. 12, 2016, 1:50 a.m.
  • Length: 3:39
Show
View Real Time Build Order
Export as new Build Order

Grumm Zerg 

Build Orders: Pool First 

Get SALT Encoding   

  12  0:01  Drone  
  13  0:09  Drone  
  14  0:19  Overlord  
  14  0:38  Spawning Pool  
  14  0:39  Drone  
  14  0:42  Drone  
  15  0:46  Extractor  
  15  0:49  Drone, Extractor  
  14  1:18  Drone x3  
  17  1:42  Hatchery  
  16  1:51  Lair  
  16  2:04  Zergling x4  
  16  2:07  Zergling x2  
  19  2:38  Drone x2  
  19  2:39  Drone  
  19  3:09  Zergling x6  
  19  3:10  Nydus Network  
  21  3:18  Spine Crawler  
Show
View Real Time Build Order
Export as new Build Order

Kaizer Zerg - Winner!

Build Orders: Pool Only 

Get SALT Encoding   

  12  0:01  Drone  
  13  0:08  Drone  
  14  0:17  Overlord  
  14  0:26  Drone, Extractor  
  15  0:35  Drone x2  
  17  0:47  Spawning Pool  
  16  0:52  Extractor  
  16  0:53  Drone  
  16  0:55  Drone  
  17  1:11  Drone  
  18  1:18  Drone  
  19  1:30  Drone  
  20  1:34  Queen  
  20  1:35  Spine Crawler  
  20  1:38  Zergling x2  
  22  1:52  Overlord  
  22  2:16  Zergling x4  
  24  2:26  Zergling x2  
  25  2:31  Baneling Nest  
  24  2:38  Zergling x2  
  23  3:01  Zergling x6  
Tags
 
Add a new tag
Caveats
  • Supply blocks, unpowered buildings, or Contaminate may cause inaccurate times.
  • Supply counts are checked every 10 seconds.